Workbook
Name AbaDeprec: '5. Depreciação'!$A$1
Name AbaRemun: '6.Remuneração de capital'!$A$1

Sheet 1. Coleta Domiciliar
A2: COLETA DOMICILIAR
A6: 1. Coleta de Resíduos Sólidos
A7: Planilha de Composição de Custos
A9: Orçamento Sintético
A10: Descrição do Item | E10: Custo (R$/mês) | F10: %
A11: =A48 -> 1. Mão-de-obra | E11: =+F138 -> 18248.663 | F11: =IFERROR(E11/$E$31,0) -> 0.47858113
A12: =A50 -> 1.1. Coletor Turno Dia | E12: =F61 -> 11349.309 | F12: =IFERROR(E12/$E$31,0) -> 0.29764182
A13: =A63 -> 1.2. Coletor Turno Noite | E13: =F80 -> 0 | F13: =IFERROR(E13/$E$31,0) -> 0
A14: =A82 -> 1.3. Motorista Turno do Dia | E14: =F95 -> 6130.39 | F14: =IFERROR(E14/$E$31,0) -> 0.16077282
A15: =A97 -> 1.4. Motorista Turno Noite | E15: =F116 -> 0 | F15: =IFERROR(E15/$E$31,0) -> 0
A16: =A118 -> 1.5. Vale Transporte | E16: =F124 -> -185.58637 | F16: =IFERROR(E16/$E$31,0) -> -0.0048671037
A17: =A126 -> 1.6. Vale-refeição (diário) | E17: =F130 -> 865.8 | F17: =IFERROR(E17/$E$31,0) -> 0.022706077
A18: =A132 -> 1.7. Auxílio Alimentação (mensal) | E18: =F136 -> 88.75 | F18: =IFERROR(E18/$E$31,0) -> 0.0023275172
A19: =A140 -> 2. Uniformes e Equipamentos de Proteção Individual | E19: =+F172 -> 824.16667 | F19: =IFERROR(E19/$E$31,0) -> 0.02161422
A20: =A174 -> 3. Veículos e Equipamentos | E20: =+F251 -> 10616.153 | F20: =IFERROR(E20/$E$31,0) -> 0.2784144
A21: =A176 -> 3.1. Veículo Coletor | E21: =SUM(E22:E27) -> 10616.153 | F21: =IFERROR(E21/$E$31,0) -> 0.2784144
A22: =A178 -> 3.1.1. Depreciação | E22: =F192 -> 2415.3889 | F22: =IFERROR(E22/$E$31,0) -> 0.063344891
A23: =A194 -> 3.1.2. Remuneração do Capital | E23: =F208 -> 576.65389 | F23: =IFERROR(E23/$E$31,0) -> 0.015123063
A24: =A210 -> 3.1.3. Impostos e Seguros | E24: =F216 -> 510 | F24: =IFERROR(E24/$E$31,0) -> 0.013375028
A25: =A218 -> 3.1.4. Consumos | E25: =F234 -> 4904.85 | F25: =IFERROR(E25/$E$31,0) -> 0.12863237
A26: =A236 -> 3.1.5. Manutenção | E26: =F239 -> 1695 | F26: =IFERROR(E26/$E$31,0) -> 0.044452299
A27: =A241 -> 3.1.6. Pneus | E27: =F248 -> 514.26 | F27: =IFERROR(E27/$E$31,0) -> 0.013486749
A28: =A253 -> 4. Ferramentas e Materiais de Consumo | E28: =+F262 -> 50.658333 | F28: =IFERROR(E28/$E$31,0) -> 0.0013285424
A29: =A264 -> 5. Monitoramento da Frota | E29: =+F273 -> 120 | F29: =IFERROR(E29/$E$31,0) -> 0.0031470654
A30: =A277 -> 6. Benefícios e Despesas Indiretas - BDI | E30: =+F283 -> 8271.1204 | F30: =IFERROR(E30/$E$31,0) -> 0.21691464
A31: PREÇO TOTAL MENSAL COM A COLETA | E31: =E11+E19+E20+E28+E29+E30 -> 38130.761 | F31: =F11+F19+F20+F28+F29+F30 -> 1
A34: Quantitativos
A35: Mão-de-obra | E35: Quantidade
A36: =+A50 -> 1.1. Coletor Turno Dia | E36: =C60 -> 2
A37: =+A63 -> 1.2. Coletor Turno Noite | E37: =C79 -> 0
A38: =+A82 -> 1.3. Motorista Turno do Dia | E38: =C94 -> 1
A39: =+A97 -> 1.4. Motorista Turno Noite | E39: =C115 -> 0
A40: Total de mão-de-obra (postos de trabalho) | E40: =SUM(E36:E39) -> 3
A42: Veículos e Equipamentos | E42: Quantidade
A43: =+A176 -> 3.1. Veículo Coletor | E43: =C191 -> 1
A46: Fator de utilização (FU) | B46: 1
A48: 1. Mão-de-obra
A50: 1.1. Coletor Turno Dia
A51: Discriminação | B51: Unidade | C51: Quantidade | D51: Custo unitário | E51: Subtotal | F51: Total (R$)
A52: Piso da categoria | B52: mês | C52: 1 | D52: 1397.27 | E52: =C52*D52 -> 1397.27
A53: Horas Extras (100%) | B53: hora | C53: 30 | D53: =D52/220*2 -> 12.702455 | E53: =C53*D53 -> 381.07364 | G53: Excluir esta linha caso a contratação não tenha previsão de horas extras 100% explícita no edital
A54: Horas Extras (50%) | B54: hora | C54: 45 | D54: =D52/220*1.5 -> 9.5268409 | E54: =C54*D54 -> 428.70784 | G54: Excluir esta linha caso a contratação não tenha previsão de horas extras 50% explícita no edital
A55: Descanso Semanal Remunerado (DSR) - hora extra | B55: R$ | D55: =63/302*(SUM(E53:E54)) -> 168.92792 | E55: =D55 -> 168.92792 | G55: Excluir esta linha caso a contratação não tenha previsão de horas extras explícita no edital
A56: Adicional de Insalubridade | B56: % | C56: 40 | D56: =SUM(E52:E55) -> 2375.9794 | E56: =C56*D56/100 -> 950.39176
A57: Soma | E57: =SUM(E52:E56) -> 3326.3712
A58: Encargos Sociais | B58: % | C58: ='2.Encargos Sociais'!$C$37*100 -> 70.595952 | D58: =E57 -> 3326.3712 | E58: =D58*C58/100 -> 2348.2834
A59: Total por Coletor | E59: =E57+E58 -> 5674.6546
A60: Total do Efetivo | B60: homem | C60: 2 | D60: =E59 -> 5674.6546 | E60: =C60*D60 -> 11349.309
D61: Fator de utilização | E61: =$B$46 -> 1 | F61: =E60*E61 -> 11349.309
A63: 1.2. Coletor Turno Noite
A64: Discriminação | B64: Unidade | C64: Quantidade | D64: Custo unitário | E64: Subtotal | F64: Total (R$)
A65: Piso da categoria | B65: mês | C65: 1 | D65: =D52 -> 1397.27 | E65: =C65*D65 -> 1397.27
A66: Adicional Noturno | B66: horas trabalhadas
B67: hora contabilizada | C67: =C66*8/7 -> 0 | D67: =D65/220*0.2 -> 1.2702455 | E67: =C67*D67 -> 0
A68: Horas Extras (100%) | B68: hora | D68: =D65/220*2 -> 12.702455 | E68: =C68*D68 -> 0 | G68: Excluir esta linha caso a contratação não tenha previsão de horas extras 100% explícita no edital
A69: Horas Extras Noturnas (100%) | B69: horas trabalhadas | G69: Excluir esta linha caso a contratação não tenha previsão de horas extras noturnas 100% explícita no edital
B70: hora contabilizada | C70: =C69*8/7 -> 0 | D70: =D65/220*2*1.2 -> 15.242945 | E70: =C70*D70 -> 0 | G70: Excluir esta linha caso a contratação não tenha previsão de horas extras noturnas 100% explícita no edital
A71: Horas Extras (50%) | B71: hora | D71: =D65/220*1.5 -> 9.5268409 | E71: =C71*D71 -> 0 | G71: Excluir esta linha caso a contratação não tenha previsão de horas extras 50% explícita no edital
A72: Horas Extras Noturnas (50%) | B72: horas trabalhadas | G72: Excluir esta linha caso a contratação não tenha previsão de horas extras noturnas 50% explícita no edital
B73: hora contabilizada | C73: =C72*8/7 -> 0 | D73: =D65/220*1.5*1.2 -> 11.432209 | E73: =C73*D73 -> 0 | G73: Excluir esta linha caso a contratação não tenha previsão de horas extras noturnas 50% explícita no edital
A74: Descanso Semanal Remunerado (DSR) - hora extra | B74: R$ | D74: =63/302*(SUM(E68:E73)) -> 0 | E74: =D74 -> 0 | G74: Excluir esta linha caso a contratação não tenha previsão de horas extras explícita no edital
A75: Adicional de Insalubridade | B75: % | C75: =+C56 -> 40 | D75: =SUM(E65:E74) -> 1397.27 | E75: =C75*D75/100 -> 558.908
A76: Soma | E76: =SUM(E65:E75) -> 1956.178
A77: Encargos Sociais | B77: % | C77: ='2.Encargos Sociais'!$C$37*100 -> 70.595952 | D77: =E76 -> 1956.178 | E77: =D77*C77/100 -> 1380.9825
A78: Total por Coletor | E78: =E76+E77 -> 3337.1605
A79: Total do Efetivo | B79: homem | D79: =E78 -> 3337.1605 | E79: =C79*D79 -> 0
D80: Fator de utilização | E80: =$B$46 -> 1 | F80: =E79*E80 -> 0
A82: 1.3. Motorista Turno do Dia
A83: Discriminação | B83: Unidade | C83: Quantidade | D83: Custo unitário | E83: Subtotal | F83: Total (R$)
A84: Piso da categoria (2) | B84: mês | C84: 1 | D84: 1673.28 | E84: =C84*D84 -> 1673.28
A85: Salário mínimo nacional (1) | B85: mês | C85: 1 | D85: 1100
A86: Horas Extras (100%) | B86: hora | C86: 30 | D86: =D84/220*2 -> 15.211636 | E86: =C86*D86 -> 456.34909 | G86: Excluir esta linha caso a contratação não tenha previsão de horas extras 100% explícita no edital
A87: Horas Extras (50%) | B87: hora | C87: 45 | D87: =D84/220*1.5 -> 11.408727 | E87: =C87*D87 -> 513.39273 | G87: Excluir esta linha caso a contratação não tenha previsão de horas extras 50% explícita no edital
A88: Descanso Semanal Remunerado (DSR) - hora extra | B88: R$ | D88: =63/302*(SUM(E86:E87)) -> 202.29713 | E88: =D88 -> 202.29713 | G88: Excluir esta linha caso a contratação não tenha previsão de horas extras explícita no edital
A89: Base de cálculo da Insalubridade | C89: 1
A90: Adicional de Insalubridade | B90: % | C90: 40 | D90: =IF(C89=2,SUM(E84:E88),IF(C89=1,(SUM(E84:E88))*D85/D84,0)) -> 1870.4884 | E90: =C90*D90/100 -> 748.19536
A91: Soma | E91: =SUM(E84:E90) -> 3593.5143
A92: Encargos Sociais | B92: % | C92: ='2.Encargos Sociais'!$C$37*100 -> 70.595952 | D92: =E91 -> 3593.5143 | E92: =D92*C92/100 -> 2536.8756
A93: Total por Motorista | E93: =E91+E92 -> 6130.39
A94: Total do Efetivo | B94: homem | C94: 1 | D94: =E93 -> 6130.39 | E94: =C94*D94 -> 6130.39
D95: Fator de utilização | E95: =$B$46 -> 1 | F95: =E94*E95 -> 6130.39
A97: 1.4. Motorista Turno Noite
A98: Discriminação | B98: Unidade | C98: Quantidade | D98: Custo unitário | E98: Subtotal | F98: Total (R$)
A99: Piso da categoria (2) | B99: mês | C99: 1 | D99: =D84 -> 1673.28 | E99: =C99*D99 -> 1673.28
A100: Salário mínimo nacional (1) | B100: mês | C100: 1 | D100: =D85 -> 1100
A101: Adicional Noturno | B101: horas trabalhadas
B102: hora contabilizada | C102: =C101*8/7 -> 0 | D102: =D99/220*0.2 -> 1.5211636 | E102: =C102*D102 -> 0
A103: Horas Extras (100%) | B103: hora | D103: =D99/220*2 -> 15.211636 | E103: =C103*D103 -> 0 | G103: Excluir esta linha caso a contratação não tenha previsão de horas extras 100% explícita no edital
A104: Horas Extras Noturnas (100%) | B104: horas trabalhadas | G104: Excluir esta linha caso a contratação não tenha previsão de horas extras noturnas 100% explícita no edital
B105: hora contabilizada | C105: =C104*8/7 -> 0 | D105: =D99/220*2*1.2 -> 18.253964 | E105: =C105*D105 -> 0 | G105: Excluir esta linha caso a contratação não tenha previsão de horas extras noturnas 100% explícita no edital
A106: Horas Extras (50%) | B106: hora | D106: =D99/220*1.5 -> 11.408727 | E106: =C106*D106 -> 0 | G106: Excluir esta linha caso a contratação não tenha previsão de horas extras 50% explícita no edital
A107: Horas Extras Noturnas (50%) | B107: horas trabalhadas | G107: Excluir esta linha caso a contratação não tenha previsão de horas extras noturnas 50% explícita no edital
B108: hora contabilizada | C108: =C107*8/7 -> 0 | D108: =D99/220*1.5*1.2 -> 13.690473 | E108: =C108*D108 -> 0 | G108: Excluir esta linha caso a contratação não tenha previsão de horas extras noturnas 50% explícita no edital
A109: Descanso Semanal Remunerado (DSR) - hora extra | B109: R$ | D109: =63/302*(SUM(E103:E108)) -> 0 | E109: =D109 -> 0 | G109: Excluir esta linha caso a contratação não tenha previsão de horas extras explícita no edital
A110: Base de cálculo da Insalubridade
A111: Adicional de Insalubridade | B111: % | C111: =+C90 -> 40 | D111: =IF(C110=2,SUM(E99:E109),IF(C110=1,SUM(E99:E109)*D100/D99,0)) -> 0 | E111: =C111*D111/100 -> 0
A112: Soma | E112: =SUM(E99:E111) -> 1673.28
A113: Encargos Sociais | B113: % | C113: ='2.Encargos Sociais'!$C$37*100 -> 70.595952 | D113: =E112 -> 1673.28 | E113: =D113*C113/100 -> 1181.2679
A114: Total por Motorista | E114: =E112+E113 -> 2854.5479
A115: Total do Efetivo | B115: homem | D115: =E114 -> 2854.5479 | E115: =C115*D115 -> 0
...

Sheet 2.Encargos Sociais
A7: 2. Composição dos Encargos Sociais
A8: Código | B8: Descrição | C8: Valor
A9: A1 | B9: INSS | C9: 0.2
A10: A2 | B10: SESI | C10: 0.015
A11: A3 | B11: SENAI | C11: 0.01
A12: A4 | B12: INCRA | C12: 0.002
A13: A5 | B13: SEBRAE | C13: 0.006
A14: A6 | B14: Salário educação | C14: 0.025
A15: A7 | B15: Seguro contra acidentes de trabalho | C15: 0.03
A16: A8 | B16: FGTS | C16: 0.08
A17: A | B17: SOMA GRUPO A | C17: =SUM(C9:C16) -> 0.368
A19: B1 | B19: Férias gozadas | C19: =ROUND(IF('3.CAGED'!C28>24,(1-12/'3.CAGED'!C28)*0.1111,0.1111-C28),4) -> 0.0619
A20: B2 | B20: 13º salário | C20: =ROUND('3.CAGED'!C32/'3.CAGED'!C29,4) -> 0.0833
A21: B3 | B21: Licença Paternidade | C21: 0.0006
A22: B4 | B22: Faltas justificadas | C22: 0.0082
A23: B5 | B23: Auxilio acidente de trabalho | C23: 0.0031
A24: B6 | B24: Auxilio doença | C24: 0.0166
A25: B | B25: SOMA GRUPO B | C25: =SUM(C19:C24) -> 0.1737
A27: C1 | B27: Aviso prévio indenizado | C27: =ROUND(('3.CAGED'!C33) *'3.CAGED'!C26/'3.CAGED'!C29,4) -> 0.0256
A28: C2 | B28: Férias indenizadas | C28: =ROUND(IF('3.CAGED'!C28>12,12/'3.CAGED'!C28*0.1111,0.1111),4) -> 0.0492
A29: C3 | B29: Férias indenizadas s/ aviso previo inden. | C29: =C27*C28 -> 0.00125952
A30: C4 | B30: Depósito rescisão sem justa causa | C30: =ROUND(('3.CAGED'!C29+'3.CAGED'!C30+'3.CAGED'!C32)/'3.CAGED'!C27*'3.CAGED'!C34*'3.CAGED'!C35*'3.CAGED'!C26/'3.CAGED'!C29,4) -> 0.0205
A31: C5 | B31: Indenização adicional | C31: =ROUND(('3.CAGED'!C31/'3.CAGED'!C29)*'3.CAGED'!C26/12,4) -> 0.0018
A32: C | B32: SOMA GRUPO C | C32: =SUM(C27:C31) -> 0.09835952
A34: D1 | B34: Reincidência de Grupo A sobre Grupo B | C34: =ROUND(C17*C25,4) -> 0.0639
A35: D2 | B35: Reincidência de FGTS sobre aviso prévio indenizado | C35: =ROUND((C27*C16),4) -> 0.002
A36: D | B36: SOMA GRUPO D | C36: =SUM(C34:C35) -> 0.0659
B37: SOMA (A+B+C+D) | C37: =C36+C32+C25+C17 -> 0.70595952

Sheet 3.CAGED
A1: CÁLCULO DAS VERBAS INDENIZATÓRIAS DOS EMPREGADOS NO SETOR DE COLETA DE RSU
A3: Tendo em vista que o CAGED foi descontinuado em janeiro de 2020, esta planilha foi atualizada até 31/12/2019.
B7: 3. CAGED
B8: Rio Grande do Sul - Coleta de Resíduos Não-Perigosos - CNAE 38114
B9: Admissões | C9: 2100
B10: Desligamentos | C10: 2031
B11: Dispensados com justa causa | C11: 44
B12: Dispensados sem justa causa | C12: 1192
B13: Espontâneos | C13: 372
B14: Fim de contrato por prazo determinado | C14: 22
B15: Término de contrato | C15: 350
B16: Aposentados | C16: 1
B17: Mortos | C17: 30
B18: Transferência de saída | C18: 0
B19: Acordo | C19: 0
B20: Indicadores
B21: Estoque recuperado início do Período 01-01-2019 | C21: 4625
B22: Estoque recuperado final do Período 31-12-2019 | C22: 4694
B23: Variação Emprego Absoluta de 01-01-2019 a 31-12-2019 | C23: =C9-C10 -> 69
B25: Estoque Médio | C25: =MEDIAN(C21,C22) -> 4659.5
B26: % Demitidos s/ Justa Causa em relação ao Estoque Médio | C26: =C12/C25 -> 0.25582144
B27: Taxa de Rotatividade | C27: =MEDIAN(C9,C10)/C25 -> 0.44328791
B28: Rotatividade temporal (meses) | C28: =12/C27 -> 27.070443
B29: Dias ano | C29: 360
B30: 1/3 de férias (dias) | C30: 10
B31: Férias (dias) | C31: 30
B32: 13º Salário (dias) | C32: 30
B33: Dias de Aviso prévio | C33: =30+(3*TRUNC(1/C27)) -> 36
B34: FGTS | C34: 0.08
B35: Multa FGTS | C35: 0.4

Sheet 4.BDI
A8: 4. Composição do BDI - Benefícios e Despesas Indiretas
D10: Referência estudo TCE
D11: 1° Quartil | E11: Médio | F11: 3° Quartil
A12: Administração Central | B12: AC | C12: 0.0508 | D12: 0.0297 | E12: 0.0508 | F12: 0.0627
A13: Seguros/Riscos/Garantias | B13: SRG | C13: 0.0133 | D13: =0.3%+0.56% -> 0.0086 | E13: =0.48%+0.85% -> 0.0133 | F13: =0.82%+0.89% -> 0.0171
A14: Lucro | B14: L | C14: 0.1085 | D14: 0.0778 | E14: 0.1085 | F14: 0.1355
A15: Despesas Financeiras | B15: DF | C15: =(1+E15)^(E16/252)-1 -> 0.010587638 | D15: SELIC | E15: 0.0925
A16: Tributos - ISS | B16: T | C16: 0.03 | D16: DU | E16: 30
A17: Tributos - PIS/COFINS | C17: 0.0365
A18: Fórmula para o cálculo do BDI:
A19: {[(1+AC+SRG) x (1+L) x (1+DF)] / (1-T)} -1
A20: Resultado do cálculo do BDI: | C20: =ROUND((((1+C12+C13)*(1+C14)*(1+C15))/(1-(C16+C17))-1),4) -> 0.277 | D20: 0.2143 | E20: 0.2717 | F20: 0.3362

Sheet 5. Depreciação
A1: 5. Depreciação Referencial TCE/RS (%)
A2: Idade do veículo (ano) | B2: Depreciação Média
A3: 1 | B3: 33.63
A4: 2 | B4: 43.13
A5: 3 | B5: 48.68
A6: 4 | B6: 52.62
A7: 5 | B7: 55.68
A8: 6 | B8: 58.18
A9: 7 | B9: 60.29
A10: 8 | B10: 62.12
A11: 9 | B11: 63.73
A12: 10 | B12: 65.18
A13: 11 | B13: 66.48
A14: 12 | B14: 67.67
... A17: 15 | B17: 70.73

Sheet 6.Remuneração de capital
A1: 6. Remuneração de Capital
A3: Fórmula de cálculo da remuneração de capital:
A12: Jm = remuneração de capital mensal
A13: i = taxa de juros do mercado (sugere-se adotar a taxa SELIC)
A14: Im = investimento médio
A15: V0 = valor inicial do bem
A16: Vr = valor residual do bem
A17: n = vida útil do bem em anos

Sheet 7. Dimensionamento
A1: Orientações para preenchimento:
A2: 1. Esta planilha é somente um modelo de cálculo expedito e deve ser ajustada conforme cada caso concreto.
A3: 2. Dimensionar separadamente setores atendidos por veículos de capacidade de carga diferentes.
A4: 3. Preencher somente células em amarelo
A6: O TCE/RS não se responsabiliza pelo uso incorreto desta planilha.
A7: O orçamento deve ser realizado por responsável técnico habilitado e é de responsabilidade do seu autor.
A9: 7. Dimensionamento da frota
A11: Indicador | B11: Unid | C11: Valor
A12: População (H) | B12: hab | C12: 12847
A13: Geração per capita (G) | B13: Kg/hab.dia | C13: =0.0362741*C12^0.2336249 -> 0.33076156
A14: Geração total diária (Qd) | B14: ton/dia | C14: =C12*C13/1000 -> 4.2492938
A15: Geração Mensal | B15: ton | C15: =(C14*30) -> 127.47881
A16: Número de dias de coleta por semana (Dc) | B16: dia | C16: 6
A17: Quantitativo diário de coleta (Qc) | B17: ton/dia | C17: =IFERROR(C14*7/C16,0) -> 4.9575095
A18: Densidade RSU compactado | B18: Kg/m³ | C18: 500
A19: Tipo de Veículo (1 = toco, 2 = truck) | C19: 1
A20: Capacidade do Compactador | B20: m³ | C20: 15
A21: Capacidade nominal de carga (Cc) | B21: ton | C21: =IF(AND(C20>=15,C19=1),5.8,C20/2) -> 5.8
A22: Número de Cargas por dia (Nc) | C22: =IFERROR(C17/C21,0) -> 0.85474301
A23: Número total de percursos de coleta por veículo, por dia (Np) | C23: 1
A24: Número de veículos da Frota (F) | C24: =IFERROR(C22/C23,0) -> 0.85474301
